 Dungeon Crawl Stone Soup version 0.30-a0-556-g0a0f5a245f (webtiles) character file.

Game seed: 9867806142534524926

61 Bnni the Vexing (level 4, -2/32 HPs)
             Began as a Formicid Hexslinger on Dec 27, 2022.
             Killed by divine providence
             ... invoked by an orc priest
              (7 damage)
             ... on level 2 of the Dungeon.
             The game lasted 00:02:31 (1110 turns).

Bnni the Vexing (Formicid Hexslinger)               Turns: 1110, Time: 00:02:31

Health: -2/32      AC:  2    Str: 15    XL:     4   Next: 27%
Magic:  2/6        EV: 12    Int: 14    God:
Gold:   73         SH:  0    Dex: 14    Spells: 2/6 levels left

rFire   . . .      SeeInvis +    a - +1 sling
rCold   . . .      Faith    .    (no shield)
rNeg    . . .      Spirit   .    c - +0 robe
rPois   .          Reflect  .    (helmet unavailable)
rElec   .          Harm     .    (no cloak)
rCorr   .          Rampage  .    (no gloves)
Will    .....                    (no boots)
Stlth   +                        (no amulet)
HPRegen 0.25/turn                (no ring)
MPRegen 0.10/turn                (no ring)

@: no status effects
A: permanent stasis, dig shafts and tunnels, antennae 3, four strong arms
a: Dig, Shaft Self


You were on level 2 of the Dungeon.
You visited 1 branch of the dungeon, and saw 2 of its levels.

You collected 73 gold pieces.

Inventory:

Hand Weapons
 a - a +1 sling (weapon)
Armour
 c - a +0 robe (worn)
Scrolls
 b - a scroll of poison
 d - a scroll of amnesia {unknown}
 e - a scroll of teleportation {unknown}
 h - a scroll of identify {unknown}
Potions
 f - a potion of lignification {unknown}
 g - a potion of attraction {unknown}


   Skills:
 + Level 1.6 Fighting
 * Level 2.8 Ranged Weapons
 - Level 1.7 Dodging
 + Level 1.8 Spellcasting
 * Level 4.3 Hexes
 + Level 1.0 Fire Magic


You had 2 spell levels left.
You knew the following spells:

 Your Spells              Type           Power      Damage    Failure   Level
a - Slow                  Hex            52%        N/A       4%          1
b - Inner Flame           Hex/Fire       8%         N/A       24%         3

Your spell library contained the following spells:

 Spells                   Type           Power      Damage    Failure   Level
 Portal Projectile        Hex/Tloc       14%        N/A       30%         3
 Cause Fear               Hex            6%         N/A       36%         4
 Alistair's Intoxication  Tmut/Pois      0%         N/A       100%        5
 Borgnjor's Vile Clutch   Necr/Erth      0%         N/A       100%        5
 Eringya's Noxious Bog    Tmut/Pois      0%         N/A       100%        6


Dungeon Overview and Level Annotations

Branches:
Dungeon (2/15)

Altars:
Nemelex Xobeh

Shops:
D:1 :


Innate Abilities, Weirdness & Mutations

You cannot be hasted, slowed, berserked, paralysed or teleported.
You can dig through walls and to a lower floor.
You have a pair of large antennae on your head. (SInv)
Your four strong arms can wield two-handed weapons with a shield.


Message History

The orc priest hits you with a +0 morningstar.
Casting: Slow (safe; 4% risk of failure)
Confirm with . or Enter, or press ? or * to list all spells.
Aiming: Slow (safe; 4% risk of failure)
Press: ? - help, Shift-Dir - straight line, f/p - orc priest
Aim: an orc priest, wielding a +0 morningstar and wearing a +3 leather armour of willpower (chance to affect: 16%)
The orc priest resists with almost no effort.
An orc comes into view. It is wielding a +0 hand axe.
The orc priest hits you with a +0 morningstar.
Casting: Slow (safe; 4% risk of failure)
Confirm with . or Enter, or press ? or * to list all spells.
Aiming: Slow (safe; 4% risk of failure)
Press: ? - help, Shift-Dir - straight line, f/p - orc priest
Aim: an orc priest, wielding a +0 morningstar and wearing a +3 leather armour of willpower (chance to affect: 16%)
The orc priest resists with almost no effort.
The orc priest looks braver for a moment.
You shoot a sling bullet. The sling bullet hits the orc priest.
The orc priest is lightly wounded.
An orc comes into view. It is wielding a +0 dagger.
You shoot a sling bullet. The orc shouts!
The sling bullet hits the orc.
The orc is moderately wounded.
You shoot a sling bullet.
The sling bullet closely misses the orc.
The sling bullet hits the orc priest.
The orc priest is moderately wounded.
The orc hits you with a +0 whip. x2
You shoot a sling bullet. The sling bullet hits the orc.
The orc is severely wounded.
The orc priest calls upon Beogh to heal the orc.
The orc's wounds heal themselves!
The orc hits you with a +0 whip. The orc attacks as you move away!
The orc barely misses you. The orc attacks as you move away!
The orc barely misses you.
The orc priest mumbles some strange prayers to Beogh against you.
Beogh smites you!
* * * LOW HITPOINT WARNING * * *
The orc priest mumbles some strange prayers to Beogh against you.
Beogh smites you!
You die...

# #######.# #.†.....# # #
#....##.# #.......# .
#....##.##### #.......#
## #...........###
#.......# ..
#...........#.# ##+####.#
## #........_..†#####.#
#.#
#...............##'####.#
#....#...o......#.......#
##8####{#o..o.@.........#
#. #.#...............# #{
#.#...............#
#.#.............#.#
#o#######.......#.# #o#
####+####.# #.# ... #.#
..#


You could see an orc priest and 2 orcs.

Vanquished Creatures
  3 adders (D:2)
  A dart slug (D:2)
  3 endoplasms
  2 giant cockroaches
  7 goblins
  3 hobgoblins
  4 ball pythons
  4 bats (D:1)
  4 frilled lizards (D:1)
  2 kobolds
33 creatures vanquished.

Notes
Turn   | Place    | Note
-------+----------+-------------------------------------------
     0 | D:1      | Bnni the Formicid Hexslinger began the quest for the Orb.
     0 | D:1      | Reached XP level 1. HP: 15/15 MP: 2/2
   292 | D:1      | You fall into a shaft and drop 1 floor!
   317 | D:2      | Reached XP level 2. HP: 21/21 MP: 3/3
   405 | D:1      | Reached skill level 4 in Hexes
   455 | D:1      | Found Acust's Book Boutique.
   471 | D:1      | Found a faded altar of an unknown god.
   496 | D:1      | Reached XP level 3. HP: 26/26 MP: 5/5
   500 | D:1      | Learned a level 3 spell: Inner Flame
   949 | D:2      | Reached XP level 4. HP: 32/32 MP: 6/6
   966 | D:2      | Found a sparkling altar of Nemelex Xobeh.
   992 | D:2      | Reached skill level 1 in Fire Magic
  1110 | D:2      | Killed from afar by an orc priest

Illustrated notes

Levels and vault maps discovered:
D:1:      spicycebolla_arrival_clurvy, layout_basic, serial_shops,
          nicolae_shop_crystal, ebering_ecumenical_altar_sacrificial
D:2:      layout_basic, basic_altar, serial_shops, shop_statue

Skill      XL: |  1  2  3  4 |
---------------+-------------+-----
Hexes          | 4 |  4.3
Fire Magic     | 1 |  1.0
Fighting       | |  1.6
Ranged Weapons | |  2.8
Dodging        | |  1.7
Spellcasting   | |  1.8

Action                   |  1- 3 |  4- 6 || total
-------------------------+-------+-------++-------
 Fire: Sling             |    80 |    27 ||   107
 Cast: Slow              |       |     7 ||     7
 Abil: Dig               |       |     1 ||     1
Armor: Robe              |     1 |     1 ||     2
Dodge: Dodged            |    18 |    14 ||    32

Table legend: (Time is in decaauts)
 A = Elapsed time spent in this place.
 B = Non-inter-level travel time spent in this place.
 C = Inter-level travel time spent in this place.
 D = Time resting spent in this place.
 E = Time spent auto-exploring this place.
 F = Levels seen in this place.
 G = Mean time per level.
                   A        B        C        D        E       F      G
               +--------+--------+--------+--------+--------+-----+--------+
         Total |   1139 |   1085 |     54 |      0 |    824 |   2 |  569.5 |
       Dungeon |   1139 |   1085 |     54 |      0 |    824 |   2 |  569.5 |
               +--------+--------+--------+--------+--------+-----+--------+

Top non-repeatable levels by time:
     D:1: 672 daAuts
     D:2: 466 daAuts
